 Dungeon Crawl Stone Soup version 0.19.4-10-g532645f (console) character file.

201 Grinner the Gusty (level 5, -9/31 HPs)
             Began as a Tengu Air Elementalist on Feb 22, 2017.
             Was a Believer of Dithmenos.
             Mangled by a crocodile (18 damage)
             ... in a sewer.
             The game lasted 00:12:37 (3136 turns).

Grinner the Gusty (Tengu Air Elementalist)          Turns: 3136, Time: 00:12:45

Health: -9/31      AC:  2    Str:  9    XL:     5   Next: 79%
Magic:  0/9        EV: 13    Int: 15    God:    Dithmenos [**....]
Gold:   196        SH:  0    Dex: 15    Spells: 4 memorised, 1 level left

rFire  . . .     SeeInvis .     i - +0 dagger
rCold  . . .     Gourm    .     a - +0 robe
rNeg   . . .     Faith    .     (no shield)
rPois  .         Spirit   .     (helmet restricted)
rElec  .         Reflect  .     (no cloak)
rCorr  .         Harm     .     (no gloves)
MR     .....                    (boots unavailable)
Stlth  ++........               (no amulet)
                                (no ring)
                                (no ring)

@: wreathed by umbra
A: beak, talons 3, able to fly 1
a: Fly, Shadow Step, Renounce Religion


You were in a sewer.
You worshipped Dithmenos.
Dithmenos was pleased with you.
You were hungry.

You visited 1 branch of the dungeon, and saw 3 of its levels.
You also visited: Sewer.

You collected 196 gold pieces.

Inventory:

Hand Weapons
 i - a +0 dagger (weapon)
Armour
 a - a +0 robe (worn)
Wands
 q - a wand of digging (8/24)
Scrolls
 d - 2 scrolls of fog
 n - a scroll of remove curse
 p - a scroll of random uselessness {unknown}
Potions
 e - a potion of berserk rage {unknown}
 g - a potion of might
 h - 2 potions of heal wounds
 k - 2 potions of curing
 m - 2 potions of flight {unknown}
 o - a potion of invisibility
 u - a potion of agility {unknown}
Books
 b - a book of Air

   Spells                             Type                      Level
   a - Shock                          Conjuration/Air              1
   b - Swiftness                      Charms/Air                   2
   c - Repel Missiles                 Charms/Air                   2
   d - Static Discharge               Conjuration/Air              3
   e - Lightning Bolt                 Conjuration/Air              5
 s - a book of Cantrips

   Spells                             Type                      Level
   a - Confusing Touch                Hexes                        1
   b - Animate Skeleton               Necromancy                   1
   c - Summon Small Mammal            Summoning                    1
   d - Apportation                    Translocation                1
 t - a book of Spatial Translocations

   Spells                             Type                      Level
   a - Blink                          Translocation                2
   b - Shroud of Golubria             Charms/Translocation         2
   c - Lesser Beckoning               Translocation                3
   d - Portal Projectile              Translocation                3
   e - Teleport Other                 Translocation                3
   f - Passage of Golubria            Translocation                4
Comestibles
 c - 4 bread rations
 f - 2 meat rations
 j - 5 fruits
 l - a beef jerky


   Skills:
 + Level 2.4 Fighting
 + Level 2.9 Dodging
 + Level 2.8 Stealth
 + Level 2.5 Spellcasting
 + Level 2.6 Conjurations
 * Level 5.5 Air Magic


You had one spell level left.
You knew the following spells:

 Your Spells              Type           Power        Failure   Level  Hunger
m - Repel Missiles        Chrm/Air       ##....       12%         2    ###....
s - Swiftness             Chrm/Air       ##......     12%         2    ###....
x - Static Discharge      Conj/Air       ##......     14%         3    ###....
z - Shock                 Conj/Air       ##..         4%          1    #......


Dungeon Overview and Level Annotations

Branches:
Dungeon (3/15)

Altars:
Dithmenos
Gozag
Kikubaaqudgha
Vehumet


Innate Abilities, Weirdness & Mutations

You have a beak for a mouth.
You have claws for feet.
You can fly.


Message History

Confirm with . or Enter, or press ? or * to list all spells.
The crocodile is struck by lightning.
The crocodile is heavily wounded.
The lightning arcs!
You are struck by lightning.
The lightning grounds out.
You are feeling hungry.
The crocodile bites you.
Casting: Static Discharge
Confirm with . or Enter, or press ? or * to list all spells.
The crocodile is struck by lightning.
The crocodile is severely wounded.
The lightning arcs!
You are struck by lightning.
* * * LOW HITPOINT WARNING * * *
The lightning grounds out.
The crocodile misses you.
Casting: Static Discharge
Confirm with . or Enter, or press ? or * to list all spells.
The crocodile is struck by lightning.
The crocodile is almost dead.
The lightning grounds out.
The crocodile bites you!!
Ouch! That really hurt!
You die...

########
###.≈..≈.### ###
##..≈..≈....### ((#
....≈####≈....##.[#
..≈### ###.≈..≈###
..## ##..≈.@t# ...#
#≈≈.≈≈### .....#
#≈≈..≈##.?
##.....≈....### /!#
##......## ###
######


You could see a crocodile.

Vanquished Creatures
  Ijyb (D:2)
  An orc wizard (D:3)
  7 adders
  An ooze (D:2)
  A worm (D:3)
  3 leopard geckos (D:3)
  4 orcs (D:3)
  2 giant cockroaches
  14 goblins
  9 hobgoblins
  2 jackals (Sewer)
  2 ball pythons (D:2)
  6 bats
  2 frilled lizards (D:2)
  9 kobolds
  6 rats
70 creatures vanquished.

Notes
Turn   | Place    | Note
-------+----------+-------------------------------------------
     0 | D:1      | Grinner the Tengu Air Elementalist began the quest for the Orb.
     0 | D:1      | Reached XP level 1. HP: 10/10 MP: 4/4
   241 | D:1      | Reached XP level 2. HP: 16/16 MP: 1/6
   300 | D:1      | Learned a level 2 spell: Repel Missiles
   303 | D:1      | Learned a level 2 spell: Swiftness
   416 | D:1      | Reached skill level 1 in Fighting
  1039 | D:2      | Reached XP level 3. HP: 20/20 MP: 1/7
  1272 | D:2      | Found a faded altar of an unknown god.
  1272 | D:2      | Found a faded altar of an unknown god.
  1277 | D:2      | Found a faded altar of an unknown god.
  1279 | D:2      | Found an opulent altar of Gozag.
  1281 | D:2      | Found a faded altar of an unknown god.
  1320 | D:2      | Became a worshipper of Dithmenos the Shadowed
  1320 | D:2      | Reached * piety under Dithmenos
  1589 | D:2      | Reached XP level 4. HP: 22/25 MP: 2/8
  1763 | D:2      | Noticed Ijyb
  1781 | D:2      | Killed Ijyb
  1781 | D:2      | Reached skill level 5 in Air Magic
  1861 | D:2      | Found an ancient bone altar of Kikubaaqudgha.
  2027 | D:2      | Gained mutation: You can fly. [Tengu growth]
  2027 | D:2      | Reached XP level 5. HP: 20/30 MP: 7/9
  2421 | D:3      | Reached ** piety under Dithmenos
  2656 | D:3      | Learned a level 3 spell: Static Discharge
  2789 | D:3      | Found a radiant altar of Vehumet.
  2948 | D:3      | Found a glowing drain.
  2964 | Sewer    | Entered a sewer
  3126 | Sewer    | Noticed a crocodile
  3136 | Sewer    | Mangled by a crocodile

Skill      XL: |  1  2  3  4 |
---------------+-------------+-----
Fighting       | 1 2 |  2.4
Conjurations   | 2 |  2.6
Air Magic      | 5 |  5.5
Dodging        | |  2.9
Stealth        | |  2.8
Spellcasting   | |  2.5

Action                   |  1- 3 |  4- 6 || total
-------------------------+-------+-------++-------
Melee: Club              |     6 |       ||     6
       Kick              |     1 |     9 ||    10
       Unarmed           |     1 |       ||     1
       Dagger            |     2 |    77 ||    79
       Peck              |       |    11 ||    11
 Cast: Shock             |    66 |    38 ||   104
       Static Discharge  |       |     9 ||     9
  Use: Scroll            |     9 |     1 ||    10
       Potion            |       |     1 ||     1
 Stab: Sleeping          |     1 |     2 ||     3
  Eat: Chunk             |     3 |     6 ||     9
Armor: Robe              |     3 |    14 ||    17
Dodge: Dodged            |    16 |    74 ||    90
